 Dungeon Crawl Stone Soup version 0.31-a0-460-g9e667d4245 (webtiles) character file.

Game seed: 5846390170373913925

800 randomguy2701 the Slasher (level 8, -3/60 HPs)
             Began as a Human Fighter on Aug 5, 2023.
             Slain by a black bear (11 damage)
             ... on level 4 of the Dungeon.
             The game lasted 00:08:17 (4823 turns).

randomguy2701 the Slasher (Human Fighter)           Turns: 4823, Time: 00:08:18

Health: -3/60      AC: 10    Str: 18    XL:     8   Next: 13%
Magic:  8/8        EV: 10    Int:  8    God:
Gold:   260        SH:  5    Dex: 14    Spells: 7/7 levels left

rFire   . . .        a - +0 long sword
rCold   . . .        c - +0 buckler
rNeg    . . .        b - +0 scale mail
rPois   .            s - +0 helmet
rElec   .            (no cloak)
rCorr   .            (no gloves)
SInv    .            g - +1 pair of boots
Will    .....        (no amulet) Stlth
                     (no ring)
HPRegen 0.30/turn    (no ring)
MPRegen 0.11/turn

%: no passive effects
@: no status effects
A: no striking features
a: no special abilities


You were on level 4 of the Dungeon.
You visited 1 branch of the dungeon, and saw 5 of its levels.

You collected 260 gold pieces.

Inventory:

Hand Weapons
 a - a +0 long sword (weapon)
Armour
 b - a +0 scale mail (worn)
 c - a +0 buckler (worn)
 g - a +1 pair of boots (worn)
 s - a +0 helmet (worn)
Jewellery
 t - a ring of protection from fire
Wands
 h - a wand of acid (20)
 l - a wand of polymorph (6)
 n - a wand of paralysis (7)
Scrolls
 e - 4 scrolls of identify
 j - 2 scrolls of immolation {unknown}
 m - 2 scrolls of blinking {unknown}
 o - a scroll of vulnerability {unknown}
 q - 2 scrolls of teleportation {unknown}
 r - a scroll of enchant armour {unknown}
Potions
 d - 2 potions of might
 f - 2 potions of curing
 i - a potion of haste {unknown}
 k - a potion of degeneration {unknown}
 p - a potion of lignification {unknown}


   Skills:
 + Level 4.3 Fighting
 + Level 5.3 Long Blades
 + Level 5.2 Armour
 + Level 2.3 Dodging
 + Level 0.2 Stealth
 + Level 4.4 Shields


You had 7 spell levels left.
You didn't know any spells.
Your spell library contained the following spells:

 Spells                   Type           Power      Damage    Failure   Level
 Magic Dart               Conj           0%         1d3       85%         1
 Call Imp                 Summ           0%         N/A       94%         2
 Ensorcelled Hibernation  Hex/Ice        0%         N/A       94%         2
 Momentum Strike          Conj/Tloc      0%         3d8       94%         2
 Passwall                 Tmut/Erth      0%         N/A       94%         2
 Dazzling Flash           Conj/Hex       0%         N/A       99%         3
 Ignite Poison            Fire/Tmut/Pois 0%         N/A       99%         3
 Mephitic Cloud           Conj/Pois/Air  0%         N/A       99%         3
 Swiftness                Air            0%         N/A       99%         3
 Sticky Flame             Conj/Fire      0%         2d3       100%        4
 Agony                    Necr           0%         N/A       100%        5
 Silence                  Hex/Air        0%         N/A       100%        5
 Ignition                 Fire           0%         3d3       100%        8


Dungeon Overview and Level Annotations

Branches:
Dungeon (5/15)
 Temple: D:4-7

Altars:
Dithmenos
Fedhas
Sif Muna
Trog
Xom

Shops:
D:3 [[[*   D:5 *((

Annotations:
D:5 1 transporter, Pikel


Message History

The black bear bites you but does no damage.
The black bear claws you but does no damage.
The black bear barely misses you.
You hit the black bear.
The black bear is lightly wounded.
The black bear barely misses you. x2; The black bear claws you.
* * * LOW HITPOINT WARNING * * *
You slash the black bear!
The black bear is heavily wounded.
The black bear bites you but does no damage.
You block the black bear's attack. The black bear claws you.
* * * LOW HITPOINT WARNING * * *
You hit the black bear but do no damage.
The black bear is heavily wounded.
The black bear bites you.
* * * LOW HITPOINT WARNING * * *
The black bear claws you but does no damage.
The black bear closely misses you.
You hit the black bear.
The black bear is heavily wounded.
The black bear bites you but does no damage.
The black bear closely misses you. You block the black bear's attack.
You closely miss the black bear.
The black bear is heavily wounded.
The black bear closely misses you. The black bear claws you.
* * * LOW HITPOINT WARNING * * *
The black bear claws you but does no damage.
You slash the black bear!
The black bear is almost dead.
The black bear goes berserk!
You barely miss the black bear.
The black bear is almost dead.
The black bear barely misses you. x2; The black bear closely misses you.
The black bear bites you but does no damage.
You block the black bear's attack.
The black bear claws you but does no damage.
You barely miss the black bear.
The black bear is almost dead.
The black bear bites you!
You die...

#..##...#
##.........#
##......###
##..###.....##
#........#####..##
#.....(#
##..............##
#......##
..).............#
##......## #
.........(......#
#<......####
##.....#####....##
#........... #.....##
###.h)# ##...####...
......## ##.@##
##...# #### .......#
#...# #....##
.......# ##...#
##.....######
.......#
##...####............
.......## ##..###
#.............
........# ##..##
#......#######
........###..##
#.....##
............##
##....# ..........###
#...##


You could see a black bear (berserk).

Vanquished Creatures
  A black bear (D:5)
  An orc warrior (D:4)
  Blork the orc (D:5)
  2 scorpions
  A gnoll bouda (D:4)
  2 hounds (D:5)
  Jessica (D:2)
  Terence (D:3)
  Natasha (thrice) (D:2)
  An iguana (D:5)
  An orc wizard (D:4)
  Robin (D:2)
  3 adders
  4 gnolls
  An ufetubus (D:4)
  4 dart slugs
  5 orcs
  7 ball pythons
  5 endoplasms
  3 giant cockroaches
  9 hobgoblins
  4 quokkas
  6 bats
  2 frilled lizards
  13 goblins
  5 kobolds
  4 rats
91 creatures vanquished.

Notes
Turn   | Place    | Note
-------+----------+-------------------------------------------
     0 | D:1      | randomguy2701 the Human Fighter began the quest for the
                  | Orb.
     0 | D:1      | Reached XP level 1. HP: 18/18 MP: 1/1
   114 | D:1      | Found a faded altar of an unknown god.
   128 | D:1      | Reached XP level 2. HP: 24/24 MP: 2/2
   412 | D:1      | Reached XP level 3. HP: 28/29 MP: 3/3
  1013 | D:2      | Noticed Natasha
  1022 | D:2      | Killed Natasha
  1023 | D:2      | Reached XP level 4. HP: 16/35 MP: 4/4
  1130 | D:2      | Noticed Robin
  1155 | D:2      | Killed Robin
  1156 | D:2      | Reached skill level 1 in Dodging
  1306 | D:2      | Noticed Jessica
  1309 | D:2      | Killed Jessica
  1310 | D:2      | Reached XP level 5. HP: 34/42 MP: 5/5
  1425 | D:2      | Noticed Natasha
  1437 | D:2      | Killed Natasha
  1532 | D:2      | Noticed Natasha
  1536 | D:2      | Killed Natasha
  1860 | D:3      | Noticed Terence
  1866 | D:3      | Killed Terence
  1867 | D:3      | Reached XP level 6. HP: 38/48 MP: 6/6
  2022 | D:3      | Found a blossoming altar of Fedhas.
  2094 | D:3      | Found Menatwac's Antique Armour Shop.
  2109 | D:3      | Found Vufafod's Armour Emporium.
  2174 | D:3      | Found Maut's Assorted Antiques.
  2285 | D:3      | Found a shadowy altar of Dithmenos.
  2356 | D:3      | Found Opiss's Antique Armour Shop.
  2873 | D:5      | Entered Level 5 of the Dungeon
  2972 | D:5      | Found a transporter.
  3250 | D:5      | Found Puadoum's Weapon Shop.
  3254 | D:5      | Found Goigg's Weapon Shop.
  3320 | D:5      | Found Cegam's Assorted Antiques.
  3329 | D:5      | Noticed Blork the orc
  3336 | D:5      | Noticed a black bear
  3347 | D:5      | Killed Blork the orc
  3348 | D:5      | Reached XP level 7. HP: 17/54 MP: 7/7
  3503 | D:4      | Found a bloodstained altar of Trog.
  3690 | D:4      | Found a shimmering blue altar of Sif Muna.
  3694 | D:4      | Got Sif Muna's Directory of Injury
  4355 | D:4      | Reached skill level 5 in Long Blades
  4648 | D:5      | Reached skill level 5 in Armour
  4648 | D:5      | Reached XP level 8. HP: 50/60 MP: 8/8
  4740 | D:5      | Noticed Pikel
  4761 | D:5      | Pikel changed into Pikel the sky beast
  4761 | D:5      | Noticed Pikel
  4789 | D:5      | Found a shimmering altar of Xom.
  4789 | D:5      | Found a shimmering altar of Xom.
  4792 | D:5      | Found a shimmering altar of Xom.
  4793 | D:5      | Found a shimmering altar of Xom.
  4823 | D:4      | Slain by a black bear

Illustrated notes

Levels and vault maps discovered:
D:1:      lightli_molten_gateway, layout_loops_ring,
          hellmonk_ecumenical_altar_heavens_door
D:2:      layout_loops_cross, st_stairs_9, uniq_natasha, uniq_robin,
          uniq_jessica
D:3:      layout_basic, fedhas_ov_isle_minmay, grunt_dithmenos_smoke,
          serial_shops, shop, nicolae_shop_stone,
          nicolae_shop_tiny_statue_garden, nicolae_shop_back_alley_shop,
          uniq_terence
D:4:      layout_layer_cave, nzn_overflow_gifts_of_might_and_magic
D:5:      layout_rooms, marbit_many_paths, nicolae_xom_altar_mimics,
          serial_shops, shop, shop, nicolae_shop_drivethru,
          nicolae_shop_tiny_statue_garden, shop, uniq_pikel, uniq_blork_the_orc

Skill      XL: |  1  2  3  4  5  6  7 |
---------------+----------------------+-----
Dodging        | 1 2 |  2.3
Long Blades    | 3 4 5 |  5.3
Shields        | 4 |  4.4
Fighting       | 4 |  4.3
Armour         | 4 5 |  5.2
Stealth        | |  0.2

Action                     |  1- 3 |  4- 6 |  7- 9 || total
---------------------------+-------+-------+-------++-------
  Melee: Long sword        |    98 |   211 |   100 ||   409
  Evoke: Wand              |       |       |     4 ||     4
    Use: Scroll            |     1 |       |       ||     1
 Armour: Scale mail        |    46 |   120 |    72 ||   238
  Dodge: Dodged            |    51 |   115 |    76 ||   242
  Block: Buckler           |    29 |    73 |    28 ||   130

Table legend: (Time is in decaauts)
 A = Elapsed time spent in this place.
 B = Non-inter-level travel time spent in this place.
 C = Inter-level travel time spent in this place.
 D = Time resting spent in this place.
 E = Time spent auto-exploring this place.
 F = Levels seen in this place.
 G = Mean time per level.
                   A        B        C        D        E       F      G
               +--------+--------+--------+--------+--------+-----+--------+
         Total |   4926 |   4600 |    326 |    116 |   3407 |   5 |  985.2 |
       Dungeon |   4926 |   4600 |    326 |    116 |   3407 |   5 |  985.2 |
               +--------+--------+--------+--------+--------+-----+--------+

Top non-repeatable levels by time:
     D:4: 1583 daAuts
     D:2: 1044 daAuts
     D:3: 821 daAuts
     D:1: 807 daAuts
     D:5: 669 daAuts
